cohdb
Replays
Latest Replays
All Replays
Popular Replays
Top Player Replays
Match Explorer
How It Works
Community
CoH3 Stats
Reddit
Sign in to upload your games and track your stats! →
Sign in with Steam
Match 46205532
Unlisted
Match 46205532
Overview
Messages
Build Orders
End
Kradschützen Motorcycle Team
Panzergrenadier Squad
Selects Panzerjäger Kommand Battlegroup
Selects Mine Fields
Panzergrenadier Squad
Construct Light Support Kompanie
2.5-tonne Medical Truck
Fire Support Elements
Flakvierling Half-track
Assault Mechanized Group
2.5-tonne Medical Truck
Veteran Squad Leaders
Selects Tank Busters
Selects Crew Shock Tactics
Vehicle Survival Package
Construct Panzerarmee Kommand
Panzerjäger Mechanized Group
2.5-tonne Medical Truck
Walking Stuka Rocket Launcher
Super-MarioBalo
DebaKLeTV
High Voltage
Generick
Svenious Jakobus (GB)
realnoob
0
0
Comments
sign in to comment!
No comments posted yet!